 Dungeon Crawl Stone Soup version 0.24.0-37-gcf1ca852f1 (webtiles) character file.

Game seed: 12412833776904541337, levelgen mode: deterministic

81888 Chiseanne the Thaumaturge (level 15, -1/103 HPs)
             Began as a Demonspawn Wizard on Nov 1, 2019.
             Was a High Priest of Vehumet.
             Slain by a naga warrior
             ... wielding a +0 dire flail
              (2 damage)
             ... on level 2 of the Snake Pit on Dec 4, 2019.
             The game lasted 02:12:16 (35399 turns).

Chiseanne the Thaumaturge (Demonspawn Wizard)      Turns: 35399, Time: 02:12:17

Health: -1/103     AC: 12    Str: 12    XL:     15   Next: 27%
Magic:  0/31       EV: 15    Int: 22    God:    Vehumet [*****.]
Gold:   1194       SH: 14    Dex: 14    Spells: 3/39 levels left

rFire    + + .     SeeInvis .   a - +10 mace of the Moth {elec, rPois rF++}
rCold    + + .     Gourm    .   f - +2 shield
rNeg     . . .     Faith    .   x - +2 robe {MR+}
rPois    +         Spirit   +   q - +2 helmet
rElec    +         Reflect  .   t - +2 cloak
rCorr    .         Harm     .   (no gloves)
MR       ++...                  (boots unavailable)
Stlth    ++........             H - amulet of magic regeneration
HPRegen  0.27/turn              r - ring of wizardry
MPRegen  0.69/turn              i - ring of protection from cold

@: mighty, lethally poisoned (-1 -> -3), constricted
A: talons 3, icy blue scales 1, cold resistance 1, dopey 1, poison resistance,
powered by pain 2, electricity resistance, magic shield, magic regeneration,
magic link
a: Renounce Religion


You were on level 2 of the Snake Pit.
You worshipped Vehumet.
Vehumet was extremely pleased with you.
You were full.

You visited 4 branches of the dungeon, and saw 22 of its levels.

You collected 1775 gold pieces.
You spent 581 gold pieces at shops.

Inventory:

Hand Weapons
 a - the +10 mace of the Moth (weapon) {elec, rPois rF++}
   (You found it on level 7 of the Dungeon)

   Occasionally, upon striking a foe, it will discharge some electrical energy
   and cause terrible harm.
   It greatly protects you from fire.
   It protects you from poison.
 s - a +4 dagger of venom
 w - a +0 hunting sling
 N - a +4 fustibalus of flaming
 P - the +7 scimitar of Eshap {freeze, *Rage rPois rC++ SInv}
   (You took it off Grum on level 10 of the Dungeon)

   It has been specially enchanted to freeze those struck by it, causing extra
   injury to most foes and up to half again as much damage against particularly
   susceptible opponents.
   It can also slow down cold-blooded creatures.
   It greatly protects you from cold.
   It protects you from poison.
   It lets you see invisible.
   It may make you go berserk in combat.
Missiles
 c - 172 sling bullets
 e - 142 bolts
 m - 5 javelins
 u - 65 poisoned darts (quivered)
 F - 3 curare-tipped darts
 V - 4 boomerangs
 Y - 6 atropa-tipped darts
Armour
 f - a +2 shield (worn)
 q - a +2 helmet (worn)
 t - a +2 cloak (worn)
 x - a +2 robe of magic resistance (worn)
Jewellery
 i - a ring of protection from cold (right hand)
 l - the amulet "Paalliup" {Inacc MR++, unknown}
   (You found it on level 10 of the Dungeon)

   [amulet of inaccuracy]

   It reduces the accuracy of all your attacks.
   It affects your resistance to hostile enchantments.
 o - a +5 ring of strength
 r - a ring of wizardry (left hand)
 H - an amulet of magic regeneration (around neck)
 M - the ring of Gemnis {Ice Dex+2}
   (You took it off Grum on level 10 of the Dungeon)

   [ring of ice]

   It enhances your ice magic.
   It affects your dexterity (+2).
   It makes you vulnerable to fire.
   It protects you from cold.
Wands
 h - a wand of flame (14)
 y - a wand of polymorph (2)
 A - a wand of iceblast (10)
 G - a wand of enslavement (7)
 K - a wand of paralysis (15)
 L - a wand of disintegration (12)
 Q - a wand of random effects (22)
Scrolls
 j - 10 scrolls of teleportation
 v - 7 scrolls of remove curse
 z - a scroll of fog
 D - 4 scrolls of identify
 I - 3 scrolls of immolation
 J - 3 scrolls of amnesia
 R - a scroll of silence
 U - a scroll of magic mapping
 W - 3 scrolls of enchant weapon
 Z - a scroll of fear
Potions
 b - a potion of curing
 g - 4 potions of flight
 k - 3 potions of might
 n - a potion of ambrosia
 p - 4 potions of agility
 B - 3 potions of brilliance
 C - 2 potions of invisibility
 E - 3 potions of mutation
 O - a potion of berserk rage
 X - a potion of cancellation {unknown}
Miscellaneous
 S - a lightning rod (4/4)
Comestibles
 d - 20 rations


   Skills:
 - Level 5.1 Fighting
 - Level 9.9 Dodging
 - Level 1.7 Stealth
 + Level 12.1 Shields
 - Level 12.9 Spellcasting
 - Level 7.6 Conjurations
 - Level 6.1 Hexes
   Level 1.0 Summonings
 - Level 6.4 Translocations
 - Level 6.4 Fire Magic
 - Level 6.3 Air Magic
 - Level 5.0 Evocations


You had 3 spell levels left.
You knew the following spells:

 Your Spells              Type           Power        Failure   Level  Hunger
a - Magic Dart            Conj           ####         1%          1    None
b - Stone Arrow           Conj/Erth      ####..       1%          3    None
c - Bolt of Magma         Conj/Fire/Erth ####......   3%          5    ###....
d - Mephitic Cloud        Conj/Pois/Air  ####....     1%          3    None
e - Lightning Bolt        Conj/Air       #####.....   1%          5    ###....
f - Confuse               Hex            #####...     1%          3    None
g - Conjure Flame         Conj/Fire      #####...     1%          3    None
h - Blink                 Tloc           N/A          1%          2    None
i - Conjure Ball Lightni  Conj/Air       #####.....   7%          6    #####..
j - Fireball              Conj/Fire      #####.....   1%          5    ###....

Your spell library contained the following spells:

 Spells                   Type           Power        Failure   Level  Hunger
 Irradiate                Conj/Tmut      ####......   4%          5    ###....
 Confusing Touch          Hex            #####.       1%          1    None
 Slow                     Hex            #####...     1%          2    None
 Gell's Gravitas          Tloc           #####.....   1%          3    None
 Ignite Poison            Fire/Tmut/Pois ###.....     1%          3    None
 Beastly Appendage        Tmut           ##....       2%          1    None
 Call Imp                 Summ           ###.....     2%          2    None
 Corpse Rot               Necr           N/A          4%          2    None
 Sticks to Snakes         Tmut           ##......     4%          2    None
 Sublimation of Blood     Necr           ##........   4%          2    None
 Spider Form              Tmut/Pois      ##........   8%          3    None
 Bolt of Draining         Conj/Necr      ####......   4%          5    ###....
 Yara's Violent Unravell  Hex/Tmut       ####......   6%          5    ###....
 Bolt of Fire             Conj/Fire      #####.....   6%          6    #####..
 Leda's Liquefaction      Hex/Erth       ####......   8%          4    None
 Summon Forest            Summ/Tloc      ####......   16%         5    ###....
 Metabolic Englaciation   Hex/Ice        ####......   21%         5    ###....
 Poison Arrow             Conj/Pois      ####......   21%         6    #####..
 Ice Form                 Ice/Tmut       ##......     26%         4    None
 Petrify                  Tmut/Erth      ##......     26%         4    None
 Agony                    Necr           ##......     54%         5    ###....
 Blade Hands              Tmut           ##........   54%         5    ###....
 Dispel Undead            Necr           ##......     54%         5    ###....
 Excruciating Wounds      Chrm/Necr      ##........   54%         5    ###....
 Chain Lightning          Conj/Air       #####.....   86%         8    #######
 Ignition                 Fire           #####.....   91%         8    #######
 Hydra Form               Tmut           ##........   98%         6    #####..
 Ring of Flames           Chrm/Fire      ####......   99%         7    ######.
 Lehudib's Crystal Spear  Conj/Erth      ####......   99%         8    #######
 Summon Hydra             Summ           ###.......   100%        7    ######.
 Fire Storm               Conj/Fire      #####.....   100%        9    #######
 Glaciate                 Conj/Ice       ####......   100%        9    #######


Dungeon Overview and Level Annotations

Branches:
Dungeon (13/15)            Temple (1/1) D:4            Lair (6/6) D:9
  Swamp (0/4) Lair:3        Snake (2/4) Lair:2        Slime (0/5) Lair:6
    Orc (0/2) D:9          Vaults (0/5) D:13

Altars:
Ashenzari
Cheibriados
Dithmenos
Elyvilon
Fedhas
Gozag
Hepliaklqana
Kikubaaqudgha
Makhleb
Nemelex Xobeh
Okawaru
Qazlal
Ru
Sif Muna
Trog
Uskayaw
Vehumet
Wu Jian
Xom
Yredelemnul
Zin
The Shining One
Jiyva

Shops:
D:4 *[   D:7 (*?%(   D:10 ?   Snake:1 }}=

Annotations:
D:3 Grinder
D:9 2 transporters, exclusion: upstairs, skelma's ghost, novice DrBe
D:10 1 runed translucent door
D:11 exclusion: downstairs
D:12 2 transporters, exclusions: ice statue and orange crystal statue, bildradio's ghost, journeyman MiBe
Lair:1 exclusion: 3 oklob plants
Snake:1 1 runed translucent door, Gygal Fez's ghost, adept MiFi


Innate Abilities, Weirdness & Mutations

You have claws for feet.
You are partially covered in icy blue scales. (AC +2)
Your flesh is cold resistant. (rC+)
You sometimes gain power by taking damage.
When hurt, damage is shared between your health and your magic reserves.
You regenerate magic rapidly.
When low on magic, you restore magic in place of health.
You are dopey. (Int -2)
Your system is resistant to poisons. (rPois)
You are resistant to electric shocks. (rElec)


Message History

You bludgeon the naga warrior!!
The naga warrior is heavily wounded.
You feel sick. The naga warrior spits poison at you.
The splash of poison misses you. The naga warrior constricts you.
The naga warrior hits you with a +0 dire flail!!
* * * LOW HITPOINT WARNING * * *
x2 The naga warrior constricts you.
You barely miss the naga warrior. Your kick misses the naga warrior.
The naga warrior is heavily wounded.
You feel sick. The naga warrior barely misses you.
* * * LOW HITPOINT WARNING * * *
The naga warrior constricts you.
You hit the naga warrior.
Lightning courses through the naga warrior!
The naga warrior is severely wounded.
You feel sick.
The naga warrior hits you with a +0 dire flail!!
* * * LOW HITPOINT WARNING * * *
You die...

##. #.... ... ......
#.. ...... #..# ....
. ###..###%..
..##........#
......##....####.#
..........N.....#
####....@....##
##........#.#
#.........#.###
##..>......##..#
#..........##..##
##..........##...##
#...........##....#
..............##..<.#
..##..........##...##


You could see a naga warrior.

Vanquished Creatures
  2 entropy weavers (Lair:6)
  A stone giant (D:11)
  An ettin (D:10)
  2 fire dragons
  6 hydras
  A centaur warrior (D:13)
  5 naga warriors (Snake:1)
  An alligator (Lair:6)
  2 two-headed ogres
  2 anacondas (Snake:1)
  A queen ant (Lair:6)
  A naga sharpshooter (Snake:1)
  2 tengu warriors
  2 shock serpents (Snake:1)
  7 skeletal warriors
  A swamp dragon (Lair:6)
  A harpy (shapeshifter) (D:13)
  An orb spider (shapeshifter) (D:13)
  3 mana vipers (Snake:1)
  A wolf spider (Lair:6)
  A manticore (D:12)
  2 salamanders (Snake:1)
  Joseph (D:7)
  16 elephants
  3 naga magi (Snake:1)
  4 centaur zombies
  12 black mambas
  A guardian serpent (Lair:2)
  9 spiny frogs
  A kobold demonologist (D:13)
  9 komodo dragons
  5 rime drakes
  A queen bee (D:8)
  10 polar bears (Lair:6)
  2 trolls
  2 hornets
  A wolf spider simulacrum (D:13)
  5 blink frogs (Lair:6)
  2 raiju (Lair:6)
  A meliai zombie (D:13)
  Prince Ribbit (D:6)
  6 slime creatures (D:13)
  11 hippogriffs
  A tarantella (shapeshifter) (D:13)
  Sigmund (D:3)
  37 yaks
  A spriggan (shapeshifter) (D:13)
  3 wyverns
  2 vampires
  2 wraiths
  4 basilisks
  Grum (D:10)
  4 steam dragons (Lair:6)
  2 hungry ghosts (D:10)
  15 soldier ants
  11 nagas (Snake:1)
  6 wargs
  An acid dragon (Lair:6)
  9 water moccasins
  9 porcupines
  13 hell hounds (Lair:6)
  A swamp drake (Lair:6)
  14 black bears
  Duvessa (D:7)
  5 orc warriors
  2 phantoms
  3 sky beasts
  4 ice beasts
  3 eyes of draining
  2 ogres
  32 wolves
  A necrophage (D:8)
  17 crocodiles
  3 centaurs
  A big kobold (D:7)
  2 wyvern zombies
  14 bullfrogs
  Dowan (D:7)
  A gnoll sergeant (D:9)
  9 scorpions
  A water moccasin skeleton (D:8)
  18 killer bees
  8 wights
  2 howler monkeys
  An electric eel (Lair:1)
  8 crimson imps
  3 bullfrog zombies
  5 jellies
  2 bullfrog skeletons
  7 hounds
  Crazy Yiuf (D:7)
  2 orc priests
  A centaur skeleton (D:12)
  7 iguanas
  19 orc wizards
  20 worker ants
  Natasha (thrice) (D:4)
  5 hell rats (Lair:5)
  A killer bee zombie (D:5)
  A hound zombie (D:10)
  2 worker ant zombies
  Robin (D:4)
  18 adders
  8 gnolls
  2 shadow imps
  An adder zombie (D:9)
  4 worms
  2 dart slugs
  8 leopard geckos
  44 orcs
  9 giant cockroaches
  18 goblins
  6 hobgoblins
  6 jackals
  5 quokkas
  2 ball pythons
  7 bats
  5 frilled lizards
  19 kobolds
  2 leopard gecko skeletons
  2 quokka zombies
  11 rats
  7 fungi
  3 plants
694 creatures vanquished.

Vanquished Creatures (collateral kills)
  Jorgrun (D:13)
  A two-headed ogre (D:13)
2 creatures vanquished.

Vanquished Creatures (others)
  16 ball lightnings
  A bullfrog (Lair:2)
  36 fungi
  48 plants
101 creatures vanquished.

Grand Total: 797 creatures vanquished

Notes
Turn   | Place    | Note
-------+----------+-------------------------------------------
     0 | D:1      | Chiseanne the Demonspawn Wizard began the quest for the
                  | Orb.
     0 | D:1      | Reached XP level 1. HP: 13/13 MP: 4/4
   399 | D:1      | Gained mutation: When hurt, damage is shared between your
                  | health and your magic reserves. [demonic ancestry]
   399 | D:1      | Reached XP level 2. HP: 19/19 MP: 1/6
  1237 | D:1      | Gained mutation: You sometimes gain a little power by
                  | taking damage. [demonic ancestry]
  1237 | D:1      | Reached XP level 3. HP: 22/24 MP: 2/8
  1620 | D:2      | Learned a level 2 spell: Blink
  1624 | D:2      | Learned a level 3 spell: Conjure Flame
  1628 | D:2      | Learned a level 3 spell: Mephitic Cloud
  2674 | D:2      | Found a bloodstained altar of Trog.
  2869 | D:2      | Gained mutation: You have sharp toenails. [demonic
                  | ancestry]
  2869 | D:2      | Reached XP level 4. HP: 25/30 MP: 1/9
  3144 | D:3      | Reached skill level 1 in Translocations
  3232 | D:3      | Noticed Grinder
  3910 | D:3      | Reached XP level 5. HP: 19/35 MP: 1/11
  4163 | D:4      | Noticed Robin
  4166 | D:5      | Entered Level 5 of the Dungeon
  4170 | D:4      | Found Ucythri's Antique Armour Boutique.
  4172 | D:4      | Reached skill level 1 in Air Magic
  4411 | D:5      | Noticed a centaur
  4433 | D:5      | Killed a centaur
  4449 | D:5      | Gained mutation: You sometimes gain power by taking damage.
                  | [demonic ancestry]
  4449 | D:5      | Reached XP level 6. HP: 19/41 MP: 1/12
  5575 | D:3      | Got an ancient halberd
  5856 | D:3      | Identified the +11 halberd "Vuidoy" {antimagic, rN+ Dex+4}
                  | (You found it on level 3 of the Dungeon)
  5864 | D:3      | Noticed Sigmund
  5878 | D:3      | Killed Sigmund
  5878 | D:3      | Gained mutation: You have razor-sharp toenails. [demonic
                  | ancestry]
  5878 | D:3      | Reached XP level 7. HP: 46/46 MP: 0/14
  5880 | D:3      | Found a shattered altar of Ashenzari.
  6146 | D:4      | Reached skill level 5 in Spellcasting
  6243 | D:4      | Found a staircase to the Ecumenical Temple.
  6252 | Temple   | Entered the Ecumenical Temple
  6461 | Temple   | Became a worshipper of Vehumet
  6644 | D:4      | Noticed Natasha
  6658 | D:4      | Killed Natasha
  6688 | D:4      | Noticed Natasha
  6709 | D:4      | Killed Natasha
  6829 | D:4      | Found Xeetalupu's General Store.
  6947 | D:4      | Killed Robin
  7039 | D:4      | Bought a scroll of blinking for 97 gold pieces
  7099 | D:4      | Bought a runed robe for 88 gold pieces
  7164 | D:4      | Reached * piety under Vehumet
  7164 | D:4      | Offered knowledge of Flame Tongue by Vehumet.
  7292 | D:4      | Noticed Natasha
  7297 | D:4      | Killed Natasha
  7628 | D:5      | Reached skill level 5 in Conjurations
  7820 | D:5      | Reached XP level 8. HP: 42/52 MP: 0/16
  8279 | D:6      | Found an ornate altar of the Wu Jian Council.
  8386 | D:6      | Noticed Prince Ribbit
  8760 | D:6      | Killed Prince Ribbit
  9681 | D:7      | Noticed Duvessa
  9681 | D:7      | Noticed Dowan
  9681 | D:7      | Noticed Joseph
  9689 | D:7      | Found Igrotwaj's Food Shoppe.
  9697 | D:7      | Gained mutation: You are agile. (Dex +2) [potion of
                  | mutation]
  9697 | D:7      | Gained mutation: You passively map a small area around you.
                  | [potion of mutation]
  9697 | D:7      | Gained mutation: Scrolls take you a little longer to read.
                  | [potion of mutation]
  9697 | D:7      | Gained mutation: You are robust. (+10% HP) [potion of
                  | mutation]
  9698 | D:7      | Lost mutation: You passively map a small area around you.
                  | [potion of mutation]
  9698 | D:7      | Lost mutation: You are agile. (Dex +2) [potion of mutation]
  9698 | D:7      | Gained mutation: Your system is resistant to poisons.
                  | (rPois) [potion of mutation]
  9698 | D:7      | Gained mutation: You are agile. (Dex +2) [potion of
                  | mutation]
  9698 | D:7      | Lost mutation: You are robust. (+10% HP) [potion of
                  | mutation]
  9698 | D:7      | Gained mutation: You are resistant to electric shocks.
                  | (rElec) [potion of mutation]
  9711 | D:7      | Found Dufituz's Antique Weapon Shop.
  9736 | D:7      | Found a stormy altar of Qazlal.
  9871 | D:8      | Found a snail-covered altar of Cheibriados.
 10127 | D:8      | Reached skill level 5 in Translocations
 10127 | D:8      | Gained mutation: You regenerate magic rapidly. [demonic
                  | ancestry]
 10127 | D:8      | Reached XP level 9. HP: 57/57 MP: 10/18
 10371 | D:8      | Reached ** piety under Vehumet
 10401 | D:8      | Offered knowledge of Throw Flame by Vehumet.
 10408 | D:8      | Reached skill level 5 in Air Magic
 10520 | D:8      | Noticed a queen bee
 10533 | D:8      | Killed a queen bee
 10717 | D:8      | Found a burning altar of Makhleb.
 10838 | D:8      | Found a glowing golden altar of the Shining One.
 11376 | D:7      | Found a basalt altar of Yredelemnul.
 11376 | D:7      | Found Yliskostri's Weapon Boutique.
 11436 | D:7      | Killed Duvessa
 11448 | D:7      | Killed Dowan
 11587 | D:7      | Killed Joseph
 11731 | D:7      | Found Fesov's Magic Scroll Boutique.
 11734 | D:7      | Found Jucunel's General Store.
 11743 | D:7      | Offered knowledge of Stone Arrow by Vehumet.
 11748 | D:7      | Learned a level 3 spell: Stone Arrow
 11813 | D:7      | Bought a scroll of noise for 13 gold pieces
 11813 | D:7      | Bought 2 scrolls of blinking for 195 gold pieces
 11821 | D:7      | Bought a scroll of identify for 26 gold pieces
 11866 | D:7      | Reached XP level 10. HP: 63/63 MP: 7/21
 12058 | D:7      | Got an ancient mace
 12060 | D:7      | Identified the +10 mace of the Moth {elec, rPois rF++} (You
                  | found it on level 7 of the Dungeon)
 12069 | D:7      | Found a runed translucent door.
 12070 | D:7      | Noticed Crazy Yiuf
 12079 | D:7      | Killed Crazy Yiuf
 12672 | D:9      | Identified the +4 glaive "Coreceul" {elec, *Slow Str+5}
 12673 | D:9      | Found a bloodstained altar of Trog.
 12673 | D:9      | Noticed skelma's ghost (novice DrBe)
 12673 | D:9      | Identified the +6 trident of the Present {pierce, rElec
                  | rPois Str+6 Stlth-}
 12673 | D:9      | Noticed a tengu warrior
 12674 | D:9      | Noticed a moth of wrath
 12677 | D:9      | Got an ichor-stained dagger
 12752 | D:9      | Found a transporter.
 12757 | D:9      | Found a transporter.
 12839 | D:9      | Reached skill level 1 in Fighting
 12840 | D:9      | Reached *** piety under Vehumet
 12936 | D:9      | Offered knowledge of Dazzling Spray by Vehumet.
 13030 | D:9      | Found a staircase to the Orcish Mines.
 13055 | D:8      | Noticed a rust devil
 13055 | D:8      | Noticed a rust devil
 13079 | D:9      | Reached skill level 1 in Evocations
 13123 | D:9      | Noticed a two-headed ogre
 13177 | D:9      | Killed a two-headed ogre
 14021 | D:9      | Reached **** piety under Vehumet
 14277 | D:9      | Found a staircase to the Lair.
 14400 | D:10     | Entered Level 10 of the Dungeon
 14447 | D:9      | Offered knowledge of Inner Flame by Vehumet.
 14746 | D:10     | Reached XP level 11. HP: 77/77 MP: 23/23
 14747 | D:10     | Noticed a fire dragon
 14832 | Lair:1   | Entered Level 1 of the Lair of Beasts
 15852 | Lair:1   | Reached skill level 5 in Fighting
 15852 | Lair:1   | Reached skill level 5 in Dodging
 16261 | Lair:1   | Reached skill level 5 in Evocations
 16344 | Lair:1   | Noticed an oklob plant
 16347 | Lair:1   | Noticed an oklob plant
 16347 | Lair:1   | Noticed an oklob plant
 16523 | Lair:1   | Learned a level 3 spell: Confuse
 16721 | Lair:2   | Noticed a five-headed hydra
 16727 | Lair:2   | Killed a five-headed hydra
 16727 | Lair:2   | Reached skill level 1 in Hexes
 17096 | Lair:2   | Found a staircase to the Snake Pit.
 17850 | Lair:1   | Reached skill level 10 in Spellcasting
 18025 | Lair:2   | Identified the +9 dagger of Aconnoyc {antimagic, rC- Str+3
                  | Int+2} (You found it on level 9 of the Dungeon)
 18084 | Lair:2   | Gained mutation: When low on magic, you restore magic in
                  | place of health. [demonic ancestry]
 18084 | Lair:2   | Reached XP level 12. HP: 70/86 MP: 23/26
 18634 | Lair:3   | Reached skill level 5 in Hexes
 18916 | Lair:3   | Found a staircase to the Swamp.
 19515 | Lair:4   | Noticed a five-headed hydra
 19760 | Lair:3   | Reached ***** piety under Vehumet
 19773 | Lair:3   | Offered knowledge of Bolt of Magma by Vehumet.
 19785 | Lair:3   | Learned a level 5 spell: Bolt of Magma
 20039 | Lair:4   | Reached skill level 1 in Fire Magic
 20080 | Lair:4   | Killed a five-headed hydra
 20821 | Lair:4   | Noticed a five-headed hydra
 20836 | Lair:4   | Killed a five-headed hydra
 21517 | Lair:5   | Gained mutation: You are partially covered in icy blue
                  | scales. (AC +2) [demonic ancestry]
 21517 | Lair:5   | Reached XP level 13. HP: 78/91 MP: 5/28
 22475 | Lair:5   | Lost mutation: Scrolls take you a little longer to read.
                  | [potion of mutation]
 22475 | Lair:5   | Lost mutation: You are agile. (Dex +2) [potion of mutation]
 22475 | Lair:5   | Gained mutation: You are dopey. (Int -2) [potion of
                  | mutation]
 22475 | Lair:5   | Gained mutation: You have claws for feet. [potion of
                  | mutation]
 22899 | Lair:6   | Entered Level 6 of the Lair of Beasts
 22930 | Lair:6   | Got a vibrating brass ring
 22969 | Lair:6   | Reached skill level 5 in Fire Magic
 23322 | Lair:6   | Found a staircase to the Slime Pits.
 23323 | Lair:6   | Found a viscous altar of Jiyva.
 23484 | Lair:6   | Noticed an entropy weaver
 23496 | Lair:6   | Killed an entropy weaver
 23992 | Lair:6   | Noticed an entropy weaver
 24026 | Lair:6   | HP: 1/91 [entropy weaver/stone (6)]
 24421 | Lair:6   | Killed an entropy weaver
 24542 | Lair:6   | Offered knowledge of Lightning Bolt by Vehumet.
 24838 | Lair:6   | Learned a level 5 spell: Lightning Bolt
 25094 | Lair:6   | Reached skill level 1 in Shields
 26411 | Lair:6   | Gained mutation: Your flesh is cold resistant. (rC+)
                  | [demonic ancestry]
 26411 | Lair:6   | Reached XP level 14. HP: 70/98 MP: 8/30
 27737 | Lair:6   | Identified the cursed ring "Miribb" {*Corrode rN+ Int+4
                  | Dex-5} (You found it on level 6 of the Lair of Beasts)
 27903 | D:10     | Reached skill level 5 in Shields
 27915 | D:10     | Noticed a stone giant
 28176 | D:11     | Offered knowledge of Conjure Ball Lightning by Vehumet.
 28670 | D:11     | Killed a stone giant
 29247 | D:10     | Identified the +7 scimitar of Eshap {freeze, *Rage rPois
                  | rC++ SInv}
 29247 | D:10     | Identified the ring of Gemnis {Ice Dex+2}
 29247 | D:10     | Noticed Grum
 29260 | D:10     | Killed Grum
 29389 | D:10     | Got a scorched scale mail
 29390 | D:10     | Identified the +2 scale mail of the Forgotten Hells {*Drain
                  | Regen+ Str+6 Slay+2} (You found it on level 10 of the
                  | Dungeon)
 29435 | D:10     | Got a bloodstained scimitar
 29439 | D:10     | Got a warped leather armour
 29448 | D:10     | Learned a level 6 spell: Conjure Ball Lightning
 29448 | D:10     | Identified the +1 leather armour "Nomauthy" {Dex+2 Stlth+}
                  | (You found it on level 10 of the Dungeon)
 29451 | D:10     | Identified the +3 scimitar of Sahax {slice, *Drain +Blink
                  | rElec Int+4} (You found it on level 10 of the Dungeon)
 29457 | D:10     | Found a runed translucent door.
 29460 | D:10     | Got a fine iron amulet
 29658 | D:10     | Found Biubu's Magic Scroll Shop.
 29681 | D:10     | Bought a scroll of magic mapping for 45 gold pieces
 29681 | D:10     | Bought 2 scrolls of teleportation for 78 gold pieces
 29681 | D:10     | Bought a scroll of teleportation for 39 gold pieces
 31120 | D:12     | Noticed bildradio's ghost (journeyman MiBe)
 31300 | D:12     | Found a transporter.
 31300 | D:12     | Found a transporter.
 31497 | D:12     | Learned a level 5 spell: Fireball
 32026 | D:13     | Found a gate to the Vaults.
 32267 | D:13     | Noticed Jorgrun
 32274 | D:13     | Killed Jorgrun
 32285 | D:13     | Offered knowledge of Irradiate by Vehumet.
 32306 | D:13     | Reached skill level 10 in Shields
 33151 | D:13     | Upgraded the game from 0.24.0-3-g28a8eb0610 to
                  | 0.24.0-37-gcf1ca852f1
 33294 | Snake:1  | Entered Level 1 of the Snake Pit
 33363 | Snake:1  | Reached XP level 15. HP: 91/103 MP: 2/31
 33547 | Snake:1  | HP: 1/103 [naga sharpshooter/arrow (9)]
 33559 | Snake:1  | HP: 5/103 [salamander/+0 glaive (13)]
 33559 | Snake:1  | HP: 2/103 [salamander/+0 glaive (3)]
 33589 | Snake:1  | HP: 5/103 [something (1)]
 34902 | Snake:1  | Found Motzuamm's Gadget Shoppe.
 34903 | Snake:1  | Found Ramumn's Jewellery Shop.
 35275 | Snake:1  | Found Xiacver's Gadget Shoppe.
 35340 | Snake:1  | Found a runed translucent door.
 35343 | Snake:1  | Noticed Gygal Fez's ghost (adept MiFi)
 35399 | Snake:2  | HP: 1/103 [naga warrior/+0 dire flail (11)]
 35399 | Snake:2  | Slain by a naga warrior

Levels and vault maps discovered:
D:1:      minmay_arrival_four_houses, layout_loops_ring, dk_noncrumbling_3,
          minmay_fountain_box, minivault_14
D:2:      layout_rooms, bloody_trog, hex_intersection
D:3:      layout_basic, evilmike_ruin_ashenzari, first_ration,
          minmay_checkerbox, uniq_sigmund, uniq_grinder
D:4:      layout_rooms, minmay_temple_entry_stoned_glass, serial_shops,
          nicolae_shop_trees, kennysheep_mini, uniq_robin, uniq_natasha
D:5:      layout_cave_pods, amethyst_killhole
D:6:      layout_cave_pools, overflow_temple_1_default, uniq_prince_ribbit1
D:7:      layout_loops_corners, lemuel_crystal_altar,
          nicolae_qazlal_style_of_elements, serial_shops, shop_scrolls,
          nicolae_shop_trees, nicolae_shop_temple_entry_statues_fountains, shop,
          shop_statue, uniq_duvessa, uniq_joseph, uniq_crazy_yiuf_cottage
D:8:      cheibrodos_iron_armory, layout_basic, lemuel_crystal_altar,
          kennysheep_little_box, basic_altar, david_nohive_1, abandoned_shop
D:9:      layout_rooms, grunt_lair_entry_orc_guard_hut, orc_david_3,
          gammafunk_ghost_wrathful_warriors
D:10:     minmay_the_grid_four_pointed_star_mashed
          [minmay_the_grid_triangle_9x9_subtriangle,
          minmay_the_grid_triangle_9x9_zippers_horizontal,
          minmay_the_grid_triangle_9x9_checkered,
          minmay_the_grid_triangle_9x9_semitri,
          minmay_the_grid_prize_diamond_cup], layout_rooms, serial_corexii_hall,
          corexii_hall_statues_i, corexii_hall_statues_s, serial_shops,
          shop_scrolls, uniq_grum
D:11:     layout_roguey
D:12:     layout_cave_pods, gammafunk_ghost_hive, serial_park,
          serial_park_square1 [serial_park_minivault_5x5_3], serial_park_tiny_1,
          serial_park_tiny_1, serial_park_tiny_pond, serial_park_gazebo
          [serial_park_minivault_5x5_1], david_greed
D:13:     minmay_bloctagon_deflated, layout_loops_ring, david_vaults_2,
          uniq_jorgrun
Temple:   regret_index_temple_generic_petals
Lair:1:   layout_gridlike, minmay_lair_oklob_chamber
Lair:2:   layout_gridlike, minmay_snake_entry_spellcaster, portal_ice_cave_rime,
          hangedman_lair_unloving_vines, minmay_hedge_maze, minivault_25
Lair:3:   layout_chaotic_city, swamp_mist, grunt_megastairs_4
Lair:4:   layout_regular_city, grunt_megastairs_2
Lair:5:   layout_small_grid
Lair:6:   guppyfry_lair_end_dragon, layout_cave_pods,
          hangedman_lair_caniforms_friends, slime_altar_1, st_stairs_9,
          zaba_antful_of_joy
Snake:1:  layout_onion_interference, gammafunk_ghost_grave,
          nicolae_snake_biting_tails, minmay_shop_grove
Snake:2:  layout_chambers, uniq_aizul

Skill      XL: |  1  2  3  4  5  6  7  8  9 10 11 12 13 14 15 |
---------------+----------------------------------------------+-----
Conjurations   | 2 3 4 5 6 7 |  7.6
Spellcasting   | 4 5 6 7 8 10 11 12 | 12.9
Translocations | 1 2 3 5 6 |  6.4
Air Magic      | 1 2 3 4 6 |  6.3
Dodging        | 4 6 8 9 |  9.9
Fighting       | 4 5 |  5.1
Evocations     | 3 5 |  5.0
Hexes          | 4 6 |  6.1
Fire Magic     | 4 6 |  6.4
Shields        | 3 10 12 | 12.1
Stealth        | |  1.7
Summonings     | |  1.0

Action                   |  1- 3 |  4- 6 |  7- 9 | 10-12 | 13-15 || total
-------------------------+-------+-------+-------+-------+-------++-------
Melee: Unarmed           |    17 |       |       |       |       ||    17
       Whip              |     3 |       |       |       |       ||     3
       Short sword       |    10 |     1 |     2 |       |       ||    13
       Hunting sling     |       |     4 |       |       |       ||     4
       Kick              |       |     1 |    28 |    76 |   102 ||   207
       Dagger            |       |       |    89 |    66 |       ||   155
       Mace              |       |       |       |   242 |   422 ||   664
 Fire: Hunting sling     |       |     9 |       |       |       ||     9
Throw: Dart              |       |       |     4 |    22 |    18 ||    44
 Cast: Magic Dart        |   127 |   168 |   308 |   376 |   222 ||  1201
       Mephitic Cloud    |       |     7 |    38 |    75 |   107 ||   227
       Blink             |       |       |    11 |    32 |     8 ||    51
       Conjure Flame     |       |       |    13 |    29 |    45 ||    87
       Stone Arrow       |       |       |       |    79 |   113 ||   192
       Bolt of Magma     |       |       |       |    37 |   327 ||   364
       Confuse           |       |       |       |    16 |    13 ||    29
       Lightning Bolt    |       |       |       |       |    13 ||    13
       Fireball          |       |       |       |       |     5 ||     5
       Conjure Ball Ligh |       |       |       |       |     8 ||     8
Evoke: Wand              |       |       |       |    27 |    27 ||    54
       Box of beasts     |       |       |       |       |     3 ||     3
  Use: Scroll            |     4 |     6 |    11 |    13 |    17 ||    51
       Potion            |       |     3 |     5 |     2 |     7 ||    17
 Stab: Confused          |       |       |    13 |    21 |    12 ||    46
       Sleeping          |       |       |     1 |     2 |     1 ||     4
       Paralysed         |       |       |       |       |     6 ||     6
  Eat: Chunk             |     6 |     9 |    12 |    33 |    56 ||   116
       Ration            |       |       |     2 |     1 |    14 ||    17
Armor: Robe              |    14 |     9 |    40 |    69 |   198 ||   330
       Skin              |       |     3 |       |       |       ||     3
Dodge: Dodged            |    54 |    51 |    84 |   314 |   663 ||  1166
Block: Shield            |       |       |       |       |   182 ||   182
